 Dungeon Crawl Stone Soup version 0.27-a0-1456-gf5a116941d (webtiles) character file.

Game seed: 4121910675678313534

85 octoduck the Cudgeller (level 4, -1/35 HPs)
             Began as a Palentonga Warper on July 5, 2021.
             Slain by a gnoll (11 damage)
             ... on level 2 of the Dungeon.
             The game lasted 00:06:59 (2748 turns).

octoduck the Cudgeller (Palentonga Warper)          Turns: 2748, Time: 00:06:59

Health: -1/35      AC:  4    Str: 21    XL:     4   Next: 25%
Magic:  2/7        EV:  9    Int: 19    God:
Gold:   68         SH:  0    Dex: 10    Spells: 5/7 levels left

rFire    . . .     SeeInvis +   a - +0 mace
rCold    . . .     Faith    .   (no shield)
rNeg     . . .     Spirit   .   b - +0 leather armour
rPois    .         Reflect  .   (no helmet)
rElec    .         Harm     .   (no cloak)
rCorr    .         Rampage  .   (no gloves)
Will     .....                  (no barding)
Stlth    +.........             (no amulet)
HPRegen  0.11/turn              e - +6 ring of strength
MPRegen  0.10/turn              i - +6 ring of intelligence

@: no status effects
A: large, rugged brown scales 3, see invisible, deformed body, roll 1, armoured
tail
a: Rolling Charge


You were on level 2 of the Dungeon.
You visited 1 branch of the dungeon, and saw 3 of its levels.

You collected 94 gold pieces.
You spent 26 gold pieces at shops.

Inventory:

Hand Weapons
 a - a +0 mace (weapon)
Missiles
 d - 5 boomerangs of dispersal (quivered)
Armour
 b - a +0 leather armour (worn)
Jewellery
 e - a +6 ring of strength (left hand)
 i - a +6 ring of intelligence (right hand)
Scrolls
 c - a scroll of blinking
 k - a scroll of vulnerability {unknown}
Potions
 f - a potion of curing {unknown}
 g - a potion of mutation {unknown}
 h - a potion of might
 j - 3 potions of heal wounds {unknown}


   Skills:
 - Level 2.0 Fighting
 + Level 4.6 Maces & Flails
 - Level 0.6 Throwing
 - Level 0.7 Armour
 - Level 1.5 Dodging
 - Level 2.0 Spellcasting
 - Level 3.0 Translocations


You had 5 spell levels left.
You knew the following spells:

 Your Spells              Type           Power      Damage    Failure   Level
a - Blink                 Tloc           N/A        N/A       9%          2

Your spell library contained the following spells:

 Spells                   Type           Power      Damage    Failure   Level
 Gell's Gravitas          Tloc           6%         N/A       17%         3
 Lesser Beckoning         Tloc           6%         N/A       17%         3
 Teleport Other           Tloc           13%        N/A       17%         3
 Frozen Ramparts          Ice            2%         1d2       50%         3
 Manifold Assault         Tloc           13%        N/A       83%         5
 Ice Form                 Ice/Tmut       1%         N/A       88%         4
 Summon Ice Beast         Ice/Summ       1%         N/A       88%         4


Dungeon Overview and Level Annotations

Branches:
Dungeon (3/15)

Altars:

Shops:
D:2 ?


Innate Abilities, Weirdness & Mutations

You are completely covered in rugged brown scales. (AC +3, +7% HP)
You have supernaturally acute eyesight. (SInv)
Armour fits poorly on your strangely shaped body.
You can roll at nearby foes to attack.
You have a long armoured tail.


Message History

There is a stone staircase leading down here.
There is an open door here.
Casting: Blink (safe; 9% risk of failure)
Confirm with . or Enter, or press ? or * to list all spells.
You blink.
Casting: Blink (safe; 9% risk of failure)
Confirm with . or Enter, or press ? or * to list all spells.
You blink.
Casting: Blink (safe; 9% risk of failure)
Confirm with . or Enter, or press ? or * to list all spells.
You blink.
Casting: Blink (safe; 9% risk of failure)
Confirm with . or Enter, or press ? or * to list all spells.
You don't have enough magic to cast this spell.
Roll where?
Press: ? - help, Dir - move target, f - gnoll
Aim: a gnoll, wielding a +0 flail You roll forward with a clatter of scales!
You hit the gnoll.
The gnoll is heavily wounded.
The gnoll barely misses you. The gnoll completely misses you.
You hit the gnoll.
The gnoll is severely wounded.
The gnoll completely misses you.
You hit the gnoll but do no damage.
The gnoll is severely wounded.
The gnoll hits you with a +0 flail!
You hit the gnoll but do no damage.
The gnoll is severely wounded.
The gnoll barely misses you.
You closely miss the gnoll.
The gnoll is severely wounded.
The gnoll hits you with a +0 flail!
You closely miss the gnoll.
You tail-slap the gnoll, but do no damage.
The gnoll is severely wounded.
The gnoll hits you with a +0 flail. The gnoll hits you with a +0 flail!
* * * LOW HITPOINT WARNING * * *
The gnoll hits you with a +0 flail!
You die...

###...##....#..###.#
#...........#.......
#........#..###.#..+
#........#......#...
###...#..###.#..###.
#...#......#......
#...###.#..###.#..
###.......#......#..
#..@......###.#..###
#...g..(......#.....
#.............###.#.
#.................#.
#........##'#####.##
#####....##.# #...
#....##.# ###.
#....##.# ##
#######.#


You could see a gnoll.

Vanquished Creatures
  A gnoll (D:2)
  3 adders
  A dart slug (D:2)
  An orc (D:2)
  5 endoplasms
  3 giant cockroaches
  6 hobgoblins
  2 kobolds (D:1)
  3 quokkas
  5 ball pythons
  5 bats
  2 frilled lizards (D:1)
  2 goblins (D:1)
  2 rats (D:1)
41 creatures vanquished.

Notes
Turn   | Place    | Note
-------+----------+-------------------------------------------
     0 | D:1      | octoduck the Palentonga Warper began the quest for the Orb.
     0 | D:1      | Reached XP level 1. HP: 17/17 MP: 3/3
   227 | D:1      | Reached XP level 2. HP: 18/23 MP: 5/5
   367 | D:1      | Reached skill level 3 in Maces & Flails
   714 | D:1      | Reached XP level 3. HP: 26/28 MP: 6/6
   993 | D:2      | Learned a level 2 spell: Blink
  1074 | D:2      | Found Patyf's Magic Scroll Shoppe.
  1082 | D:2      | Bought a scroll of identify for 26 gold pieces
  1424 | D:2      | Reached skill level 4 in Maces & Flails
  2258 | D:3      | Reached XP level 4. HP: 27/35 MP: 7/7
  2748 | D:2      | Slain by a gnoll

Illustrated notes

Levels and vault maps discovered:
D:1:      dpeg_arrival_tiny_k, layout_loops_ring
D:2:      layout_basic, serial_shops, shop, hangedman_decor_points,
          serial_park_tiny_2, minmay_split_cup_small
D:3:      layout_rooms, nicolae_vehumet_radiance, zin_angel,
          shapermc_ecumenical_altar_mp_highgroup

Skill      XL: |  1  2  3 |
---------------+----------+-----
Maces & Flails | 3 4 |  4.6
Fighting       | |  2.0
Throwing       | |  0.6
Armour         | |  0.7
Dodging        | |  1.5
Spellcasting   | |  2.0
Translocations | |  3.0

Action                   |  1- 3 |  4- 6 || total
-------------------------+-------+-------++-------
Melee: Mace              |   121 |    12 ||   133
       Tailslap          |     3 |     2 ||     5
 Cast: Blink             |     1 |     4 ||     5
 Abil: Rolling Charge    |    14 |     2 ||    16
  Use: Scroll            |     3 |       ||     3
Armor: Leather armour    |    42 |     2 ||    44
Dodge: Dodged            |    65 |     7 ||    72

Table legend: (Time is in decaauts)
 A = Elapsed time spent in this place.
 B = Non-inter-level travel time spent in this place.
 C = Inter-level travel time spent in this place.
 D = Time resting spent in this place.
 E = Time spent auto-exploring this place.
 F = Levels seen in this place.
 G = Mean time per level.
                   A        B        C        D        E       F      G
               +--------+--------+--------+--------+--------+-----+--------+
         Total |   2783 |   2445 |    338 |    613 |   1370 |   3 |  927.7 |
       Dungeon |   2783 |   2445 |    338 |    613 |   1370 |   3 |  927.7 |
               +--------+--------+--------+--------+--------+-----+--------+

Top non-repeatable levels by time:
     D:2: 1706 daAuts
     D:1: 1017 daAuts
     D:3: 60 daAuts
